 Dungeon Crawl Stone Soup version 0.29.1-1-gd02db6906a (webtiles) character file.

Game seed: 7184793425320403561

3631 QueenGhuleh the Cleaver (level 9, 0/121 HPs)
             Began as a Minotaur Berserker on Sept 15, 2022.
             Was a High Priest of Trog.
             Succumbed to a killer bee's poison
             ... on level 8 of the Dungeon.
             The game lasted 00:11:50 (4929 turns).

QueenGhuleh the Cleaver (Minotaur Berserker)        Turns: 4929, Time: 00:11:50

Health: 0/121      AC: 11    Str: 26    XL:     9   Next: 87%
Magic:  8/8        EV: 10    Int:  4    God:    Trog [*****.]
Gold:   298        SH:  0    Dex: 10    Spells: 8/8 levels left

rFire   . . .      SeeInvis .   E - +0 halberd
rCold   . . .      Faith    .   (shield currently unavailable)
rNeg    . . .      Spirit   .   k - +0 chain mail
rPois   .          Reflect  .   (helmet restricted)
rElec   .          Harm     .   (no cloak)
rCorr   .          Rampage  .   (no gloves)
Will    .....                   (no boots)
Stlth   ..........              h - amulet of regeneration
HPRegen 1.10/turn               (no ring)
MPRegen 0.11/turn               (no ring)

@: berserking, lethally poisoned (0 -> -6), very quick
A: horns 2, retaliatory headbutt
a: Renounce Religion, Berserk, Trog's Hand, Brothers in Arms


You were on level 8 of the Dungeon.
You worshipped Trog.
Trog was extremely pleased with you.
You visited 1 branch of the dungeon, and saw 8 of its levels.

You collected 298 gold pieces.

Inventory:

Hand Weapons
 E - a +0 halberd (weapon)
Armour
 k - a +0 chain mail (worn)
Jewellery
 h - an amulet of regeneration (around neck)
 m - a ring of fire
 w - an amulet of the acrobat
 D - a ring of protection from cold
Wands
 q - a wand of charming (12)
 y - a wand of polymorph (10)
Scrolls
 a - a scroll of fog {unknown}
 c - 4 scrolls of identify {unknown}
 d - 3 scrolls of teleportation {unknown}
 e - a scroll of noise {unknown}
 f - a scroll of immolation {unknown}
 l - a scroll of enchant weapon {unknown}
 n - 2 scrolls of fear {unknown}
 r - a scroll of torment {unknown}
 s - a scroll of vulnerability {unknown}
 v - a scroll of brand weapon {unknown}
 x - a scroll of magic mapping {unknown}
 B - a scroll of amnesia {unknown}
Potions
 b - a potion of flight {unknown}
 g - a potion of brilliance {unknown}
 i - a potion of haste {unknown}
 j - 2 potions of curing
 o - 2 potions of invisibility {unknown}
 p - 3 potions of heal wounds {unknown}
 t - 3 potions of mutation {unknown}
 u - a potion of lignification {unknown}
 z - a potion of attraction {unknown}
 A - a potion of magic {unknown}
 C - a potion of resistance {unknown}


   Skills:
 + Level 8.1 Fighting
 + Level 12.2 Axes
 + Level 0.6(7.8) Polearms
 + Level 8.9 Armour
 + Level 4.0 Dodging
 + Level 1.9 Stealth


You had 8 spell levels left.
You didn't know any spells.
Your spell library was empty.

Dungeon Overview and Level Annotations

Branches:
Dungeon (8/15)             Temple (0/1) D:4
   Lair: D:8-11

Altars:
Ashenzari
Cheibriados
Dithmenos
Fedhas
Sif Muna
Trog

Shops:
D:2 *   D:5 ?

Portals:
Ossuary: D:7


Innate Abilities, Weirdness & Mutations

You have a pair of horns on your head.
You reflexively headbutt those who attack you in melee.


Message History

The killer bee stings you. The orc hits you but does no damage.
The orc warrior closely misses you.
You puncture the orc warrior!
The orc warrior is moderately wounded.
You feel very sick. The killer bee barely misses you.
The howler monkey barely misses you. The orc closely misses you.
You furiously retaliate!
You headbutt the orc!
You kill the orc!
Trog accepts your kill.
You barely miss the orc warrior. You headbutt the orc warrior!
The orc warrior is severely wounded.
You feel very sick. The killer bee stings you.
The howler monkey barely misses you.
The orc warrior hits you with a +0 flail!
* * * LOW HITPOINT WARNING * * *
The killer bee stings you but does no damage.
You hit the orc warrior. Your headbutt misses the orc warrior.
The orc warrior is severely wounded.
You feel sick. The killer bee stings you.
* * * LOW HITPOINT WARNING * * *
You are more poisoned.
The killer bee poisons you! The howler monkey hits you.
* * * LOW HITPOINT WARNING * * *
The orc warrior hits you with a +0 flail.
* * * LOW HITPOINT WARNING * * *
The orc hits you but does no damage.
You barely miss the orc warrior. Your headbutt misses the orc warrior.
The orc warrior is severely wounded.
* * * LOW HITPOINT WARNING * * *
You feel very sick. The killer bee completely misses you.
You furiously retaliate!
You headbutt the killer bee!
You kill the killer bee!
Trog accepts your kill. The howler monkey misses you.
The orc closely misses you.
The orc warrior hits you with a +0 flail.
* * * LOW HITPOINT WARNING * * *
You barely miss the orc warrior.
The orc warrior is severely wounded.
You die...

.. #. #. #.####
####....#
...#†..# #.†oo#
####.#@#
#....oh#######.
#.#<#†......!...
##........<...
#....[........
#.#.##########.
###.# #.# #.#


You could see an orc warrior, a howler monkey and 2 orcs.

Vanquished Creatures
  Pikel (D:4)
  Grinder (D:3)
  3 steam dragons
  4 black bears
  2 ice beasts
  2 ogres
  3 centaurs
  2 phantoms (D:5)
  4 lemures (D:4)
  A kobold brigand (D:7)
  3 scorpions
  A necrophage (D:6)
  6 killer bees (D:8)
  4 howler monkeys
  A gnoll bouda (D:7)
  A hound (D:6)
  3 jellies
  An orc priest (D:5)
  4 orc wizards
  3 iguanas
  Natasha (thrice) (D:4)
  8 adders
  4 gnolls (D:7)
  8 river rats (D:6)
  A shadow imp (D:6)
  An ufetubus (D:4)
  2 dart slugs
  22 orcs
  3 bats
  6 endoplasms
  4 giant cockroaches
  7 goblins
  6 hobgoblins
  9 jackals
  7 quokkas
  6 ball pythons
  3 frilled lizards (D:1)
  11 kobolds
  18 rats
179 creatures vanquished.

Notes
Turn   | Place    | Note
-------+----------+-------------------------------------------
     0 | D:1      | QueenGhuleh the Minotaur Berserker began the quest for the
                  | Orb.
     0 | D:1      | Reached XP level 1. HP: 19/19 MP: 0/0
   340 | D:1      | Reached XP level 2. HP: 26/27 MP: 1/1
   372 | D:1      | Reached skill level 4 in Axes
   734 | D:1      | Reached ** piety under Trog
  1100 | D:2      | Reached XP level 3. HP: 19/33 MP: 2/2
  1142 | D:2      | Found Unir's Assorted Antiques.
  1174 | D:2      | You fall into a shaft and drop 1 floor!
  1182 | D:3      | Found a blossoming altar of Fedhas.
  1309 | D:3      | Reached skill level 5 in Axes
  1364 | D:3      | Noticed Grinder
  1364 | D:3      | Paralysed by Grinder for 2 turns
  1371 | D:3      | Paralysed by Grinder for 3 turns
  1383 | D:3      | Killed Grinder
  1384 | D:3      | Reached skill level 6 in Axes
  1384 | D:3      | Reached skill level 1 in Stealth
  1384 | D:3      | Reached XP level 4. HP: 18/41 MP: 3/3
  1384 | D:3      | Reached XP level 5. HP: 21/47 MP: 4/4
  1550 | D:3      | Reached XP level 6. HP: 50/55 MP: 5/5
  1714 | D:4      | Reached skill level 5 in Fighting
  1720 | D:4      | Found a staircase to the Ecumenical Temple.
  1752 | D:4      | Reached skill level 7 in Axes
  1803 | D:4      | Noticed Natasha
  1807 | D:4      | Killed Natasha
  1873 | D:4      | Noticed Natasha
  1888 | D:4      | Killed Natasha
  1957 | D:4      | Reached XP level 7. HP: 56/61 MP: 6/6
  1960 | D:4      | Reached *** piety under Trog
  2101 | D:4      | Noticed Natasha
  2108 | D:4      | Killed Natasha
  2180 | D:4      | Noticed Pikel
  2199 | D:4      | Killed Pikel
  2200 | D:4      | Reached skill level 9 in Axes
  2200 | D:4      | Reached skill level 5 in Armour
  2200 | D:4      | Reached XP level 8. HP: 45/70 MP: 7/7
  2398 | D:5      | Entered Level 5 of the Dungeon
  2681 | D:5      | Found Weid's Magic Scroll Boutique.
  2805 | D:5      | Reached skill level 10 in Axes
  2918 | D:5      | Found a snail-covered altar of Cheibriados.
  2950 | D:5      | Found a broken altar of Ashenzari.
  3197 | D:6      | Reached XP level 9. HP: 61/79 MP: 8/8
  3289 | D:6      | Found a bloodstained altar of Trog.
  3529 | D:6      | Reached **** piety under Trog
  3549 | D:6      | Reached skill level 11 in Axes
  4305 | D:7      | Found a sand-covered staircase.
  4446 | D:7      | Found a shimmering blue altar of Sif Muna.
  4588 | D:7      | Found a shadowy altar of Dithmenos.
  4883 | D:8      | Reached ***** piety under Trog
  4897 | D:8      | Reached skill level 12 in Axes
  4928 | D:8      | HP: 3/121 [orc warrior/+0 flail (6)]
  4929 | D:8      | Succumbed to a killer bee's poison

Illustrated notes

Levels and vault maps discovered:
D:1:      roderic_dead_forest, layout_loops_corners
D:2:      layout_rooms, hellmonk_ecumenical_altar_watching_god, serial_shops,
          nicolae_shop_trees, grunt_ministairs_14
D:3:      layout_rooms, fedhas_altar_4, hex_intersection,
          dreamdust_princess_bridge, uniq_grinder
D:4:      layout_gridville, temple_statues, minmay_vboxes, uniq_natasha,
          uniq_pikel
D:5:      layout_basic, mainiacjoe_overflow_two_lobes, serial_shops,
          kennysheep_little_box, st_stairs_7, chequers_serial_rivers_micro_c
D:6:      lemuel_ratsnest, layout_layer_cave, lemuel_tele_altar
D:7:      layout_basic, mainiacjoe_overflow_paths,
          mainiacjoe_overflow_six_doors_small, enter_ossuary_2,
          nrook_mini_backslash
D:8:      layout_loops_cross, chequers_guarded_unrand_ignorance

Skill      XL: |  1  2  3  4  5  6  7  8  9 |
---------------+----------------------------+-----
Axes           | 4 6 7 9 10 12 | 12.2
Fighting       | 4 5 6 7 8 |  8.1
Armour         | 3 5 6 8 |  8.9
Dodging        | 3 4 |  4.0
Stealth        | 1 |  1.9
Polearms       | |  0.6

Action                   |  1- 3 |  4- 6 |  7- 9 || total
-------------------------+-------+-------+-------++-------
Melee: Hand axe          |    74 |    84 |   128 ||   286
       Headbutt          |     9 |    13 |    66 ||    88
       Punch             |       |     1 |     3 ||     4
       War axe           |       |       |   143 ||   143
       Halberd           |       |       |    40 ||    40
Invok: Berserk           |     1 |       |     6 ||     7
 Stab: Sleeping          |     2 |       |       ||     2
Armor: Animal skin       |     6 |       |       ||     6
       Chain mail        |    12 |    42 |   194 ||   248
Dodge: Dodged            |    38 |    28 |   167 ||   233
